 Dungeon Crawl Stone Soup version 0.30-a0-719-gcc4359ea44 (webtiles) character file.

Game seed: 14559428229637861619

681 Khashishi the Magician (level 7, -6/50 HPs)
             Began as a Mummy Ice Elementalist on Jan 27, 2023.
             Was a Follower of Nemelex Xobeh.
             Mangled by an ogre
             ... wielding a +0 giant spiked club
              (23 damage)
             ... on level 5 of the Dungeon.
             The game lasted 00:24:34 (3821 turns).

Khashishi the Magician (Mummy Ice Elementalist)     Turns: 3821, Time: 00:24:34

Health: -6/50      AC:  9    Str: 11    XL:     7   Next: 34%
Magic:  12/16      EV: 12    Int: 16    God:    Nemelex Xobeh [*.....]
Gold:   200        SH:  0    Dex: 13    Spells: 8/18 levels left

rFire   x . .      SeeInvis +    r - +3 flail (protect)
rCold   + . .      Faith    +    (no shield)
rNeg    + + +      Spirit   .    a - +0 robe
rPois   ∞          Reflect  .    d - +0 helmet
rElec   .          Harm     .    (no cloak)
rCorr   .          Rampage  .    (no gloves)
Will    .....                    (no boots)
Stlth   ++                       g - amulet of the acrobat
HPRegen 0.28/turn                p - ring of see invisible
MPRegen 0.15/turn                (no ring)

@: ice-armoured
A: cold resistance 1, negative energy resistance 3, torment resistance 2, heat
vulnerability 1, in touch with death 1, no potions, faith
a: Renounce Religion, Draw Escape, Draw Destruction, Draw Summoning


You were on level 5 of the Dungeon.
You worshipped Nemelex Xobeh.
Nemelex Xobeh was aware of your devotion.
You visited 2 branches of the dungeon, and saw 6 of its levels.

You collected 200 gold pieces.

Inventory:

Hand Weapons
 r - a +3 flail of protection (weapon)
 t - a +5 dagger of venom
Missiles
 f - 2 boomerangs (quivered)
Armour
 a - a +0 robe (worn)
 d - a +0 helmet (worn)
 e - a +0 ring mail
Jewellery
 g - an amulet of the acrobat (around neck)
 p - a ring of see invisible (left hand)
Wands
 s - a wand of mindburst (8)
 v - a wand of flame (3)
Scrolls
 b - 4 scrolls of identify {unknown}
 c - a scroll of poison {unknown}
 h - 4 scrolls of teleportation {unknown}
 i - a scroll of amnesia {unknown}
 k - a scroll of enchant armour {unknown}
 l - 2 scrolls of torment {unknown}
 m - a scroll of fear {unknown}
 n - a scroll of blinking {unknown}
 o - 2 scrolls of immolation {unknown}
 q - a scroll of noise {unknown}
 u - 2 scrolls of magic mapping {unknown}


   Skills:
 + Level 2.1 Fighting
 - Level 1.5 Dodging
 - Level 1.5 Stealth
 + Level 6.1 Spellcasting
 - Level 2.0 Conjurations
 + Level 5.1 Ice Magic
 + Level 2.2 Invocations


You had 8 spell levels left.
You knew the following spells:

 Your Spells              Type           Power      Damage    Failure   Level
a - Freeze                Ice            84%        1d9       1%          1
b - Frozen Ramparts       Ice            42%        1d7       4%          3
c - Ozocubu's Armour      Ice            21%        N/A       4%          3
d - Hailstorm             Conj/Ice       16%        3d6       10%         3

Your spell library contained the following spells:

 Spells                   Type           Power      Damage    Failure   Level
 Summon Ice Beast         Ice/Summ       13%        N/A       43%         4
 Metabolic Englaciation   Hex/Ice        6%         N/A       78%         5
 Iskenderun's Battlesphe  Conj           11%        2d7       86%         5
 Fireball                 Conj/Fire      4%         3d4       94%         5
 Conjure Ball Lightning   Conj/Air       4%         3x3d6     100%        6
 Simulacrum               Ice/Necr       9%         N/A       100%        6
 Orb of Destruction       Conj           5%         9d5       100%        7


Dungeon Overview and Level Annotations

Branches:
Dungeon (5/15)             Temple (1/1) D:4

Altars:
Cheibriados
Fedhas
Gozag
Hepliaklqana
Kikubaaqudgha
Makhleb
Nemelex Xobeh
Okawaru
Ru
Sif Muna
Trog
Wu Jian
Xom
Yredelemnul


Innate Abilities, Weirdness & Mutations

You are immune to poison.
Your flesh is cold resistant. (rC+)
You are immune to negative energy. (rN+++)
You are immune to unholy pain and torment.
You are vulnerable to heat. (rF-)
You are in touch with the powers of death.
You do not drink.
You have a special connection with the divine. (Faith)


Message History

Throw: dart (poison)
Press: ? - help, Q - select action, (/) - cycle Shift-Dir - straight line, f/p - ogre
Aim: an ogre, wielding a +0 giant spiked club (severely wounded, poisoned, 73% to hit)
You throw a poisoned dart. The poisoned dart hits the ogre.
The ogre looks even sicker.
The ogre is severely wounded.
Throw: 2 boomerangs
Press: ? - help, Q - select action, (/) - cycle Shift-Dir - straight line, f - scorpion, p - ogre
Aim: a scorpion (57% to hit)
You throw a boomerang. The boomerang hits the scorpion.
The scorpion is lightly wounded.
Throw: 2 boomerangs
Press: ? - help, Q - select action, (/) - cycle Shift-Dir - straight line, f/p - scorpion
Aim: a scorpion (lightly wounded, 57% to hit)
You throw a boomerang.
The boomerang closely misses the scorpion.
The boomerang hits the ogre.
The ogre is severely wounded.
The frozen ramparts melt away.
The scorpion closely misses you.
You barely miss the scorpion.
The scorpion is lightly wounded.
The scorpion misses you. The scorpion barely misses you.
The ogre hits you with a +0 giant spiked club!!
Ouch! That really hurt!
You draw a card...
You have drawn the Tomb.
Walls emerge from the floor!
The scorpion stings you but does no damage.
You draw a card...
You have drawn the Cloud.
Clouds appear around you! The ogre closely misses you.
The scorpion stings you but does no damage.
Okay, then.
Unknown command.
Aiming: Mindburst
Press: ? - help, Shift-Dir - straight line, f - ogre, p - scorpion
Aim: an ogre, wielding a +0 giant spiked club (black smoke, almost dead, poisoned, chance to affect: 64%)
The ogre struggles to resist.
You hear a howl!
The scorpion stings you.
The ogre hits you with a +0 giant spiked club!!
You die...
Your body disappears without a glow.

....(.......#......##....#
.....l...!..#......####..#
......on............###.##
....##..##.......#......#
... #l.##....###..##...#
#........###..#....####
...#....###..........##..##
#.....l#O####.....[.......
##..#.lls@###....>.......#
#.###on###............###
....#...##............##
.................#....##
.....#...........##..##
.......#<.....>....##
#..$...............##
#......##......<.#..###
#..... ...#.##.#..#.#


You could see an ogre (poisoned), a necrophage, a scorpion and an iguana.

Vanquished Creatures
  A phantom (D:5)
  2 necrophages (D:4)
  A hound (D:5)
  Ijyb (D:4)
  An iguana (D:4)
  Robin (D:3)
  5 gnolls
  7 adders
  2 ufetubi
  A dart slug (D:3)
  8 orcs
  2 bats (D:1)
  4 endoplasms
  5 giant cockroaches
  7 goblins
  15 hobgoblins
  6 kobolds
  5 quokkas
  7 ball pythons
  6 frilled lizards
  4 rats
91 creatures vanquished.

Vanquished Creatures (collateral kills)
  Blork the orc (D:5)
  A scorpion (D:5)
  2 iguanas (D:5)
  A dart slug (D:5)
  A quokka (D:5)
6 creatures vanquished.

Vanquished Creatures (others)
  A plant (D:4)
1 creature vanquished.

Grand Total: 98 creatures vanquished

Notes
Turn   | Place    | Note
-------+----------+-------------------------------------------
     0 | D:1      | Khashishi the Mummy Ice Elementalist began the quest for
                  | the Orb.
     0 | D:1      | Reached XP level 1. HP: 13/13 MP: 4/4
    62 | D:1      | Reached skill level 3 in Spellcasting
   112 | D:1      | Reached XP level 2. HP: 17/19 MP: 1/6
   694 | D:1      | Gained mutation: You are in touch with the powers of death.
                  | [Mummy growth]
   694 | D:1      | Reached XP level 3. HP: 24/24 MP: 4/8
   702 | D:1      | Found a faded altar of an unknown god.
   856 | D:2      | Learned a level 3 spell: Frozen Ramparts
   860 | D:2      | Learned a level 3 spell: Ozocubu's Armour
   912 | D:2      | Reached skill level 4 in Spellcasting
  1475 | D:2      | Reached XP level 4. HP: 29/30 MP: 7/10
  1697 | D:3      | Noticed Robin
  1705 | D:3      | Killed Robin
  2011 | D:3      | Learned a level 3 spell: Hailstorm
  2468 | D:4      | Noticed a necrophage
  2559 | D:4      | Reached XP level 5. HP: 32/35 MP: 6/12
  2561 | D:4      | Noticed Ijyb
  2574 | D:4      | Killed Ijyb
  2575 | D:4      | Reached skill level 5 in Spellcasting
  2575 | D:4      | Reached skill level 1 in Conjurations
  2688 | D:4      | Found a staircase to the Ecumenical Temple.
  2694 | Temple   | Entered the Ecumenical Temple
  3018 | Temple   | Became a worshipper of Nemelex Xobeh the Trickster
  3215 | D:4      | Reached XP level 6. HP: 39/41 MP: 9/13
  3232 | D:4      | Reached skill level 1 in Invocations
  3262 | D:4      | Found a shimmering altar of Xom.
  3380 | D:4      | Reached * piety under Nemelex Xobeh
  3645 | D:5      | Entered Level 5 of the Dungeon
  3645 | D:5      | Noticed Blork the orc
  3707 | D:5      | Received a gift from Nemelex Xobeh
  3710 | D:5      | Killed Blork the orc
  3711 | D:5      | Reached skill level 1 in Fighting
  3738 | D:5      | Reached XP level 7. HP: 48/48 MP: 13/15
  3740 | D:5      | Reached skill level 5 in Ice Magic
  3800 | D:5      | Reached skill level 6 in Spellcasting
  3821 | D:5      | Mangled by an ogre

Illustrated notes

Levels and vault maps discovered:
D:1:      mrwooster_arrival_arrow, layout_basic, serial_curves, eino_curves_01,
          eino_curves_03, shapermc_ecumenical_altar_notcrosses
D:2:      layout_basic
D:3:      layout_loops_cross, kennysheep_generic_room_2, uniq_robin
D:4:      layout_gridville, mainiacjoe_overflow_boulevard,
          minmay_temple_entry_gardened_gates, uniq_ijyb
D:5:      layout_cave_pools, minmay_circle_x, uniq_blork_the_orc
Temple:   compressed_dpeg_triangle_lava_temple

Skill      XL: |  1  2  3  4  5  6  7 |
---------------+----------------------+-----
Spellcasting   | 3 4 5 6 |  6.1
Ice Magic      | 4 5 |  5.1
Conjurations   | 1 2 |  2.0
Invocations    | 1 2 |  2.2
Fighting       | 1 2 |  2.1
Dodging        | |  1.5
Stealth        | |  1.5

Action                     |  1- 3 |  4- 6 |  7- 9 || total
---------------------------+-------+-------+-------++-------
  Melee: Club              |     2 |       |       ||     2
         Glaive            |    10 |    14 |       ||    24
         Short sword       |     1 |       |       ||     1
         Flail             |       |    35 |     4 ||    39
         Dagger            |       |     3 |       ||     3
         Punch             |       |     1 |       ||     1
  Throw: Dart              |       |     3 |     5 ||     8
         Boomerang         |       |       |     2 ||     2
   Cast: Freeze            |    55 |    43 |       ||    98
         Frozen Ramparts   |     2 |     8 |     1 ||    11
         Ozocubu's Armour  |       |     6 |     1 ||     7
 Invoke: Draw Summoning    |       |     1 |       ||     1
         Draw Escape       |       |       |     2 ||     2
         Draw Destruction  |       |       |     2 ||     2
  Evoke: Wand              |       |       |     1 ||     1
   Stab: Sleeping          |     4 |     5 |       ||     9
 Armour: Ring mail         |     3 |       |       ||     3
         Robe              |     3 |    23 |     9 ||    35
  Dodge: Dodged            |    26 |    59 |    11 ||    96

Table legend: (Time is in decaauts)
 A = Elapsed time spent in this place.
 B = Non-inter-level travel time spent in this place.
 C = Inter-level travel time spent in this place.
 D = Time resting spent in this place.
 E = Time spent auto-exploring this place.
 F = Levels seen in this place.
 G = Mean time per level.
                   A        B        C        D        E       F      G
               +--------+--------+--------+--------+--------+-----+--------+
         Total |   3852 |   3666 |    186 |    370 |   2314 |   6 |  642.0 |
       Dungeon |   3520 |   3341 |    179 |    370 |   2019 |   5 |  704.0 |
        Temple |    332 |    325 |      7 |      0 |    295 |   1 |  332.0 |
               +--------+--------+--------+--------+--------+-----+--------+

Top non-repeatable levels by time:
     D:2: 915 daAuts
     D:1: 856 daAuts
     D:3: 846 daAuts
     D:4: 780 daAuts
  Temple: 332 daAuts
     D:5: 121 daAuts
